 Dungeon Crawl Stone Soup version 0.24.0-13-gcf9b319 (webtiles) character file.

Game seed: 3587083877375144635, levelgen mode: deterministic

262 Bronimir the Firebug (level 6, -4/59 HPs)
             Began as an Ogre Fire Elementalist on Apr 10, 2020.
             Slain by an ogre
             ... wielding a +0 giant spiked club
              (30 damage)
             ... on level 3 of the Dungeon.
             The game lasted 00:07:49 (4700 turns).

Bronimir the Firebug (Ogre Fire Elementalist)       Turns: 4700, Time: 00:07:50

Health: -4/59      AC:  3    Str: 15      XL:     6   Next: 18%
Magic:  8/11       EV: 10    Int: 14 (16) God:
Gold:   51         SH:  0    Dex:  9      Spells: 6/12 levels left

rFire    . . .     SeeInvis .   a - +2 whip (venom)
rCold    . . .     Gourm    .   (no shield)
rNeg     . . .     Faith    .   h - +0 robe {MR+}
rPois    .         Spirit   .   (helmet restricted)
rElec    .         Reflect  .   (no cloak)
rCorr    .         Harm     .   (gloves unavailable)
MR       +....     Clarity  +   (boots unavailable)
Stlth    +.........             (no amulet)
HPRegen  0.19/turn              (no ring)
MPRegen  0.12/turn              (no ring)

@: lightly drained
A: large, unfitting armour, claws 1, clarity, tough skin 1
a: no special abilities


You were on level 3 of the Dungeon.
You were not hungry.

You visited 1 branch of the dungeon, and saw 4 of its levels.

You collected 51 gold pieces.

Inventory:

Hand Weapons
 a - a +2 whip of venom (weapon)
 d - a +0 club
 m - a +0 spear
Missiles
 b - 96 stones
 g - 3 boomerangs (quivered)
Armour
 h - a +0 robe of magic resistance (worn)
 r - a +0 robe
Jewellery
 n - a -3 ring of strength
 s - a +4 ring of evasion {unknown}
Wands
 l - a wand of iceblast (5)
Scrolls
 e - a scroll of fear {unknown}
 f - a scroll of blinking {unknown}
 i - 2 scrolls of remove curse
 j - a scroll of random uselessness {unknown}
 k - 4 scrolls of teleportation {unknown}
Potions
 q - a potion of cancellation {unknown}
Comestibles
 c - 7 rations


   Skills:
 * Level 2.4(1.9) Fighting
 + Level 0.6(0.1) Polearms
 + Level 0.2(0.0) Throwing
 * Level 2.4(1.9) Dodging
 - Level 1.4(0.9) Stealth
 + Level 0.1(0.0) Unarmed Combat
 * Level 3.5(3.1) Spellcasting
 * Level 2.5(2.1) Conjurations
 * Level 4.1(3.6) Fire Magic


You had 6 spell levels left.
You knew the following spells:

 Your Spells              Type           Power        Failure   Level  Hunger
a - Flame Tongue          Conj/Fire      ##...        6%          1    #......
b - Throw Flame           Conj/Fire      ##....       10%         2    ##.....
c - Conjure Flame         Conj/Fire      ##......     19%         3    ###....

Your spell library contained the following spells:

 Spells                   Type           Power        Failure   Level  Hunger
 Inner Flame              Hex/Fire       #.......     30%         3    ###....
 Sticky Flame             Conj/Fire      ##......     54%         4    #####..
 Fireball                 Conj/Fire      ##........   87%         5    ######.


Dungeon Overview and Level Annotations

Branches:
Dungeon (4/15)
 Temple: D:4-7

Altars:
Wu Jian

Annotations:
D:3 3 runed translucent doors, dredge's ghost, amateur MiBe


Innate Abilities, Weirdness & Mutations

You are too large for most types of armour.
You have tough skin. (AC +1)
You have sharp fingernails.
You possess an exceptional clarity of mind.


Message History

The goblin closely misses you. The ogre misses you.
Casting: Flame Tongue (safe; 6% risk of failure)
Confirm with . or Enter, or press ? or * to list all spells.
Aiming: Flame Tongue (safe; 6% risk of failure)
Press: ? - help, Shift-Dir - straight line, f/p - ogre
Aim: an ogre, wielding a +0 giant spiked club (moderately wounded)
The flame tongue hits the ogre.
The ogre is moderately wounded.
The goblin hits you with a +0 club. The goblin hits you.
The goblin barely misses you.
Casting: Flame Tongue (safe; 6% risk of failure)
Confirm with . or Enter, or press ? or * to list all spells.
Aiming: Flame Tongue (safe; 6% risk of failure)
Press: ? - help, Shift-Dir - straight line, f/p - ogre
Aim: an ogre, wielding a +0 giant spiked club (moderately wounded)
The flame tongue hits the ogre!
The ogre is severely wounded.
The ogre hits you with a +0 giant spiked club!!
Ouch! That really hurt!
You die...

#..#..# #.#.#.#.#.............
##..##.## #.....#.###...........
...(#..#######.#.#.#.............
...##............#.#.############
####.............#.#.#
.................#)#.#
####............g#[#.# #######
#...........gg#)#.# #.....#
#...........g@O.#.######.....#
#...........#####.#....#.....#
#...........# #.#....#.....#
#...........# #............'
#...........# ########.....#
############# #########.....#
#.............# #.............#
#.....รทรทรท..####


You could see an ogre and 4 goblins.

Vanquished Creatures
  A scorpion (D:3)
  An orc priest (D:3)
  An orc wizard (D:3)
  Robin (D:3)
  7 adders
  An adder zombie (D:3)
  A worm (D:2)
  A leopard gecko (D:1)
  4 orcs (D:3)
  9 bats
  4 giant cockroaches (D:1)
  11 goblins
  14 hobgoblins
  4 jackals (D:3)
  A frilled lizard (D:3)
  7 kobolds
  7 rats
75 creatures vanquished.

Notes
Turn   | Place    | Note
-------+----------+-------------------------------------------
     0 | D:1      | Bronimir the Ogre Fire Elementalist began the quest for the
                  | Orb.
     0 | D:1      | Reached XP level 1. HP: 16/16 MP: 3/3
   192 | D:1      | Reached skill level 1 in Conjurations
   529 | D:1      | Reached XP level 2. HP: 24/24 MP: 3/5
   706 | D:1      | Learned a level 2 spell: Throw Flame
   845 | D:1      | Reached skill level 3 in Fire Magic
  1085 | D:1      | Reached XP level 3. HP: 21/32 MP: 1/6
  1614 | D:2      | Reached skill level 1 in Fighting
  2231 | D:2      | Reached XP level 4. HP: 34/41 MP: 4/8
  2479 | D:3      | Found an ornate altar of the Wu Jian Council.
  2517 | D:3      | Found a runed translucent gate.
  2517 | D:3      | Found a runed translucent gate.
  2517 | D:3      | Found a runed translucent gate.
  2717 | D:3      | Gained mutation: You possess an exceptional clarity of
                  | mind. [potion of mutation]
  2717 | D:3      | Gained mutation: You have sharp fingernails. [potion of
                  | mutation]
  3032 | D:3      | Learned a level 3 spell: Conjure Flame
  3073 | D:3      | Reached XP level 5. HP: 26/49 MP: 0/9
  3627 | D:3      | Reached skill level 4 in Fire Magic
  3627 | D:3      | Reached XP level 6. HP: 28/58 MP: 5/11
  4138 | D:3      | Noticed dredge's ghost (amateur MiBe)
  4372 | D:4      | Noticed Robin
  4385 | D:3      | Killed Robin
  4700 | D:3      | Slain by an ogre

Levels and vault maps discovered:
D:1:      shiori_arrival_oz, layout_loops_corners, minmay_worlds_worst_comb
D:2:      layout_basic
D:3:      layout_basic, overflow_temple_1_default, first_ration,
          gammafunk_ghost_icy
D:4:      kennysheep_kobold_camp, layout_basic, xom_confusion_cloud,
          nicolae_overflow_hidden_temple, serial_shops, kennysheep_mini,
          minmay_ruptured, uniq_robin

Skill      XL: |  1  2  3  4  5 |
---------------+----------------+-----
Conjurations   | 1 2 |  2.5
Fire Magic     | 3 4 |  4.1
Fighting       | 1 2 |  2.4
Dodging        | 2 |  2.4
Spellcasting   | 3 |  3.5
Polearms       | |  0.6
Throwing       | |  0.2
Stealth        | |  1.4
Unarmed Combat | |  0.1

Action                   |  1- 3 |  4- 6 || total
-------------------------+-------+-------++-------
Melee: Unarmed           |    18 |       ||    18
       Club              |     8 |       ||     8
       Spear             |       |    69 ||    69
       Whip              |       |    14 ||    14
Throw: Boomerang         |     6 |       ||     6
 Cast: Flame Tongue      |    62 |    87 ||   149
  Use: Scroll            |     1 |       ||     1
       Potion            |       |     5 ||     5
  Eat: Chunk             |     4 |     8 ||    12
Armor: Robe              |    18 |    46 ||    64
       Skin              |       |     2 ||     2
Dodge: Dodged            |    34 |   102 ||   136
